 Dungeon Crawl Stone Soup version 0.17-a0-1301-ga863c44 (webtiles) character file.

257 sqallbeste the Shield-Bearer (level 6, 0/53 HPs)
             Began as a Hill Orc Fighter on June 7, 2015.
             Was a Follower of Dithmenos.
             Succumbed to poison (a potion of poison)
             ... on level 3 of the Dungeon.
             The game lasted 00:06:33 (1741 turns).

sqallbeste the Shield-Bearer (Hill Orc Fighter)     Turns: 1741, Time: 00:06:33

Health: 0/53       AC: 12    Str: 20    XL:     6   Next: 16%
Magic:  6/6        EV:  4    Int: 13    God:    Dithmenos [*.....]
Gold:   112        SH: 10    Dex: 11    Spells: 0 memorised, 5 levels left

rFire  . . .     SeeInvis .     a - +1 war axe
rCold  . . .     Clarity  .     f - +0 plate armour
rNeg   . . .     SustAt   .     c - +0 shield
rPois  .         Gourm    .     (no helmet)
rElec  .         Spirit   .     (no cloak)
rCorr  .         Warding  .     (no gloves)
rMut   .         Stasis   .     (no boots)
MR     .....                    (no amulet)
Stlth  ..........               (no ring)
                                (no ring)

@: brilliant, lethally poisoned (0 -> -6), wreathed by umbra, not resistant to
hostile enchantments, extremely unstealthy
A: evolution 1
a: Renounce Religion, Convert to Beogh


You were on level 3 of the Dungeon.
You worshipped Dithmenos.
Dithmenos was aware of your devotion.
You were not hungry.

You visited 1 branch of the dungeon, and saw 3 of its levels.

You collected 112 gold pieces.

Inventory:

Hand weapons
 a - a +1 war axe (weapon)
Armour
 c - a +0 shield (worn)
 f - a +0 plate armour (worn)
Scrolls
 b - 3 scrolls of teleportation
 j - 3 scrolls of recharging
Potions
 d - a potion of might
Comestibles
 g - a royal jelly
 h - 2 slices of pizza
 l - a bread ration


   Skills:
 + Level 4.6 Fighting
 + Level 4.6 Axes
 + Level 4.7 Armour
 + Level 5.0 Shields


You had 5 spell levels left.
You didn't know any spells.

Dungeon Overview and Level Annotations

Branches:
Dungeon (3/15)

Altars:
Dithmenos
Elyvilon
Fedhas
Makhleb


Innate Abilities, Weirdness & Mutations

You evolve.


Message History

You feel sick. The orc barely misses you.
The orc priest invokes the aid of Beogh against you.
Something smites you!
* * * LOW HITPOINT WARNING * * *
Use which ability? (? or * to list)
Okay, then.
Your plate armour prevents you from hitting the orc.
* * * LOW HITPOINT WARNING * * *
You feel sick. The orc hits you but does no damage.
Your shield and plate armour prevent you from hitting the orc.
* * * LOW HITPOINT WARNING * * *
You feel sick.
The orc priest shouts, "Surrender to Beogh and we'll let you live!"
The orc hits you with a club.
* * * LOW HITPOINT WARNING * * *
The orc priest looks braver.
You block the orc's attack.
You hit the orc.
The orc is heavily wounded.
You die...

###.# #.. #.#### ###
#.....######
#.†....) ###....#
#.####
###############.####
#oo@................
#o#############.####
#†# ##.# o.# #..#
o.## ##.## o##
###..# #o
########...## #
.........### #
.........########


You could see an orc priest, an orc wizard and an orc.

Vanquished Creatures
  3 iron imps (D:3)
  3 adders
  4 gnolls
  6 giant geckos
  12 orcs (D:3)
  6 giant cockroaches
  7 hobgoblins
  10 jackals (D:1)
  6 kobolds
  A ball python (D:1)
  3 bats
  4 giant newts
  11 goblins
  A quokka (D:2)
  7 rats
84 creatures vanquished.

Notes
Turn   | Place    | Note
--------------------------------------------------------------
     0 | D:1      | sqallbeste the Hill Orc Fighter began the quest for the Orb.
     0 | D:1      | Reached XP level 1. HP: 19/19 MP: 1/1
    82 | D:1      | Reached XP level 2. HP: 20/27 MP: 2/2
   289 | D:1      | Reached XP level 3. HP: 29/33 MP: 3/3
   304 | D:1      | Reached skill level 4 in Fighting
   917 | D:2      | Reached XP level 4. HP: 38/40 MP: 4/4
  1220 | D:2      | Found a blossoming altar of Fedhas.
  1220 | D:2      | Found a shadowy altar of Dithmenos.
  1221 | D:2      | Found a white marble altar of Elyvilon.
  1229 | D:2      | Became a worshipper of Dithmenos the Shadowed
  1302 | D:3      | Reached XP level 5. HP: 29/46 MP: 5/5
  1581 | D:3      | Found a burning altar of Makhleb.
  1610 | D:3      | Reached XP level 6. HP: 38/53 MP: 6/6
  1615 | D:3      | Reached skill level 5 in Shields
  1711 | D:3      | Gained mutation: You evolve. [potion of beneficial mutation]
  1740 | D:3      | HP: 2/53 [poison (a potion of poison)]
  1741 | D:3      | Succumbed to poison (a potion of poison)

Vault maps used:
D:1:      scummos_arrival_checkerplants, serial_curves, eino_curves_01,
          eino_curves_02, roderic_bipointed_swastika
D:2:      gammafunk_temple_overflow_forgotten, minmay_goblin_outpost
D:3:      demons_altar, first_bread

Action                   |  1- 3 |  4- 6 || total
-------------------------+-------+-------++-------
Melee: War axe           |   166 |   131 ||   297
  Use: Scroll            |     3 |     1 ||     4
       Potion            |       |     5 ||     5
  Eat: Bread ration      |       |     1 ||     1
